 Dungeon Crawl Stone Soup version 0.31.0-12-g77e489cdc1 (webtiles) character file.

Game seed: 1760020840142744443

1572 H0rd4k the Trooper (level 8, -1/68 HPs)
             Began as a Human Artificer on Feb 12, 2024.
             Was an Initiate of Gozag.
             Killed from afar by a steam dragon (16 damage)
             ... with a ball of steam
             ... on level 6 of the Dungeon.
             The game lasted 00:08:56 (6827 turns).

H0rd4k the Trooper (Human Artificer)                Turns: 6827, Time: 00:08:58

Health: -1/68      AC:  8    Str: 13    XL:     8   Next: 90%
Magic:  11/11      EV: 11    Int: 14    God:    Gozag
Gold:   307        SH:  0    Dex: 13    Spells: 12/12 levels left

rFire   . . .        p - +1 dagger (venom)
rCold   . . .        (no shield)
rNeg    . . .        y - +4 leather armour of Gluttony {Stlth+}
rPois   .            o - +0 helmet
rElec   .            (no cloak)
rCorr   .            (no gloves)
SInv    .            (no boots)
Will    .....        j - amulet of the acrobat
Stlth   ++           (no ring)
HPRegen 0.31/turn    (no ring)
MPRegen 0.12/turn

%: acrobat
@: gold aura
A: explore regen
a: Renounce Religion, Potion Petition, Call Merchant, Bribe Branch


You were on level 6 of the Dungeon.
You worshipped Gozag.
Gozag was aware of your devotion.
You visited 2 branches of the dungeon, and saw 7 of its levels.
You also visited: Sewer.

You collected 360 gold pieces.
You paid 53 gold pieces to Gozag.

Inventory:

Hand Weapons
 p - a +1 dagger of venom (weapon)
 t - a +2 vampiric dagger
Missiles
 A - 6 poisoned darts (quivered)
Armour
 b - a +0 leather armour
 o - a +0 helmet (worn)
 y - the +4 leather armour of Gluttony (worn) {Stlth+}
   (You found it in a sewer)

   Stlth+:    It makes you more stealthy.
Magical Staves
 B - a staff of fire
 D - a staff of cold
Jewellery
 j - an amulet of the acrobat (around neck)
Wands
 n - a wand of roots (20)
 E - a wand of digging (4)
Scrolls
 a - 3 scrolls of immolation {unknown}
 g - a scroll of identify
 h - 5 scrolls of noise {unknown}
 k - a scroll of amnesia
 l - a scroll of brand weapon
 m - a scroll of teleportation
 u - 2 scrolls of blinking {unknown}
 v - a scroll of vulnerability {unknown}
 z - a scroll of poison {unknown}
Potions
 f - 3 potions of brilliance {unknown}
 i - 3 potions of might {unknown}
 q - 3 potions of curing {unknown}
 r - a potion of magic {unknown}
 s - 2 potions of degeneration {unknown}
 w - 2 potions of heal wounds {unknown}
 x - 3 potions of haste {unknown}
 C - a potion of resistance {unknown}


   Skills:
 + Level 7.8 Fighting
 + Level 6.7 Short Blades
 - Level 2.0 Armour
 - Level 1.0 Dodging
 - Level 1.0 Stealth
 * Level 2.5 Spellcasting
 - Level 3.0 Evocations


You had 12 spell levels left.
You didn't know any spells.
Your spell library contained the following spells:

 Spells                   Type           Power      Damage    Failure   Level
 Hailstorm                Conj/Ice       1%         3d5       65%         3
 Summon Ice Beast         Ice/Summ       1%         N/A       65%         3
 Sculpt Simulacrum        Ice/Alch       0%         N/A       100%        6


Dungeon Overview and Level Annotations

Branches:
Dungeon (6/15)             Temple (1/1) D:4           Sewer (visited)

Altars:
Ashenzari
Elyvilon
Fedhas
Gozag
Hepliaklqana
Makhleb
Nemelex Xobeh
Okawaru
Qazlal
Ru
Sif Muna
Trog
Uskayaw
Vehumet
Wu Jian
Xom
Yredelemnul
Zin
The Shining One

Annotations:
D:4 exclusion: 2 wights


Innate Abilities, Weirdness & Mutations

You regain HP and MP as you explore.


Message History

You hit the steam dragon.
The steam dragon looks as sick as possible!
Your punch misses the steam dragon.
The steam dragon is severely wounded.
The steam dragon breathes steam at you. The ball of steam hits you!
You hit the steam dragon but do no damage.
The steam dragon looks as sick as possible!
The steam dragon is severely wounded.
You are engulfed in a cloud of scalding steam.
The steam dragon bites you. The steam dragon claws you.
You barely miss the steam dragon.
The steam dragon is severely wounded.
You are engulfed in a cloud of scalding steam.
You hit the steam dragon but do no damage.
The steam dragon looks as sick as possible!
The steam dragon is severely wounded.
You are engulfed in a cloud of scalding steam.
* * * LOW HITPOINT WARNING * * *
The steam dragon bites you but does no damage.
The steam dragon claws you but does no damage.
You closely miss the steam dragon.
The steam dragon is severely wounded.
You are engulfed in a cloud of scalding steam.
The steam dragon closely misses you.
The steam dragon claws you but does no damage.
You hit the steam dragon.
The steam dragon looks as sick as possible!
The steam dragon is almost dead.
You are engulfed in a cloud of scalding steam.
* * * LOW HITPOINT WARNING * * *
You hit the steam dragon but do no damage.
The steam dragon looks as sick as possible!
The steam dragon is almost dead.
You are engulfed in a cloud of scalding steam.
* * * LOW HITPOINT WARNING * * *
The steam dragon breathes steam at you. The ball of steam hits you!
You die...
Your body crumbles into a pile of gold.

## ..
##################
#...............#
#.#.........###.#
#.#....z....# #.#
#§#.........# #z#
#§#..z......# #.#
#@#.........# #s#
#D#.........# #.#
#zz.........# #z##
###.........# #...
#.........# #...
####+########...
#....... #.......
#.......


You could see a steam dragon (extremely poisoned, catching breath) and 2 wights.

Vanquished Creatures
  Sigmund (D:5)
  3 water moccasins
  An ice beast (D:6)
  A phantom (D:4)
  2 kobold brigands (Sewer)
  A scorpion (D:5)
  2 wights
  3 bombardier beetles
  A hound (D:4)
  2 jellies
  Ijyb (D:3)
  4 iguanas
  An orc wizard (D:4)
  Robin (D:2)
  10 adders
  5 river rats (Sewer)
  2 dart slugs
  3 ribbon worms
  7 orcs
  8 endoplasms
  4 giant cockroaches
  18 goblins
  13 hobgoblins
  12 ball pythons
  5 bats
  A frilled lizard (D:1)
  19 kobolds
  18 rats
149 creatures vanquished.

Vanquished Creatures (collateral kills)
  A sleepcap (D:5)
  2 adders (Sewer)
  2 ball pythons (Sewer)
  A frilled lizard (Sewer)
  7 rats (Sewer)
13 creatures vanquished.

Vanquished Creatures (others)
  4 goblins (D:2)
4 creatures vanquished.

Grand Total: 166 creatures vanquished

Notes
Turn   | Place    | Note
-------+----------+-------------------------------------------
     0 | D:1      | H0rd4k the Human Artificer began the quest for the Orb.
     0 | D:1      | Reached XP level 1. HP: 15/15 MP: 1/1
   235 | D:1      | Reached XP level 2. HP: 21/22 MP: 2/2
   238 | D:1      | Reached skill level 2 in Fighting
   516 | D:1      | Found a faded altar of an unknown god.
   526 | D:1      | Reached XP level 3. HP: 19/28 MP: 3/3
   751 | D:1      | Reached skill level 3 in Fighting
  1540 | D:2      | Noticed Robin
  1814 | D:2      | Killed Robin
  1815 | D:2      | Reached XP level 4. HP: 37/37 MP: 4/4
  1940 | D:2      | Reached skill level 4 in Fighting
  2466 | D:3      | Reached XP level 5. HP: 41/43 MP: 5/5
  2599 | D:3      | Found a sacrificial altar of Ru.
  2733 | D:3      | Noticed Ijyb
  2746 | D:3      | Killed Ijyb
  2914 | D:3      | Reached skill level 5 in Fighting
  3101 | D:3      | Noticed a phantom
  3121 | D:3      | Reached skill level 1 in Short Blades
  3314 | D:4      | Found a broken altar of Ashenzari.
  3406 | D:4      | Found a staircase to the Ecumenical Temple.
  3423 | D:4      | Reached XP level 6. HP: 38/51 MP: 6/6
  3429 | D:4      | Found a glowing drain.
  3442 | Sewer    | Entered a sewer
  4167 | Sewer    | Identified the +4 leather armour of Gluttony {Stlth+}
  4317 | Sewer    | Reached skill level 6 in Fighting
  4317 | Sewer    | Reached XP level 7. HP: 42/58 MP: 7/7
  4893 | D:4      | Found a shimmering blue altar of Sif Muna.
  5074 | Temple   | Entered the Ecumenical Temple
  5089 | Temple   | Became a worshipper of Gozag Ym Sagoz the Greedy
  5438 | D:5      | Entered Level 5 of the Dungeon
  5657 | D:5      | Reached skill level 5 in Short Blades
  5669 | D:5      | Reached XP level 8. HP: 57/65 MP: 7/9
  5834 | D:5      | Reached skill level 1 in Spellcasting
  6025 | D:5      | Found a bloodstained altar of Trog.
  6079 | D:5      | Reached skill level 7 in Fighting
  6136 | D:5      | Noticed Sigmund
  6149 | D:5      | Killed Sigmund
  6215 | D:5      | You fall into a shaft and drop 1 floor!
  6507 | D:6      | Found a blossoming altar of Fedhas.
  6827 | D:6      | Killed from afar by a steam dragon

Illustrated notes

Levels and vault maps discovered:
D:1:      orjb1_lava_funnel, layout_loops_cross, serial_forest,
          infiniplex_forest_lined_2, infiniplex_forest_zigzag_1,
          infiniplex_forest_clump_small, infiniplex_forest_clump_tiny,
          infiniplex_forest_lined_corner, infiniplex_forest_lined_ring,
          infiniplex_forest_clump_medium, basic_ecumenical_altar,
          chequers_big_river
D:2:      layout_loops_cross, uniq_robin
D:3:      layout_basic, mainiacjoe_overflow_six_doors_small, uniq_ijyb
D:4:      layout_loops_cross, lemuel_crystal_altar,
          mainiacjoe_overflow_concentric_impassable, temple_fountains,
          cheibrodos_sewer_entry_sluice
D:5:      layout_loops_ring, marbit_many_paths, uniq_sigmund
D:6:      layout_basic, fedhas_ov_isle_minmay
Temple:   jpeg_temple_clearing

Skill      XL: |  1  2  3  4  5  6  7  8 |
---------------+-------------------------+-----
Fighting       | 2 3 4 5 6 7 |  7.8
Short Blades   | 1 3 5 6 |  6.7
Spellcasting   | 2 |  2.5
Armour         | |  2.0
Dodging        | |  1.0
Stealth        | |  1.0
Evocations     | |  3.0

Action                     |  1- 3 |  4- 6 |  7- 9 || total
---------------------------+-------+-------+-------++-------
  Melee: Club              |   217 |    11 |       ||   228
         Punch             |     7 |     1 |     3 ||    11
         Dagger            |       |   245 |   226 ||   471
  Throw: Dart              |       |       |     5 ||     5
  Evoke: Wand              |     9 |    10 |    16 ||    35
    Use: Scroll            |       |       |     3 ||     3
   Stab: Sleeping          |     1 |     1 |     5 ||     7
         Distracted        |       |     1 |       ||     1
 Armour: Leather armour    |   158 |   211 |   120 ||   489
  Dodge: Dodged            |   161 |   147 |    92 ||   400
